 Dungeon Crawl Stone Soup version 0.20-a0-9-g62d82d9 (webtiles) character file.

212 dobroeutro the Ducker (level 5, -6/47 HPs)
             Began as a Minotaur Monk on Nov 1, 2016.
             Mangled by Blork the orc
             ... wielding a cursed -1 halberd
              (9 damage)
             ... on level 4 of the Dungeon.
             The game lasted 00:03:18 (2137 turns).

dobroeutro the Ducker (Minotaur Monk)               Turns: 2137, Time: 00:03:19

Health: -6/47      AC:  2    Str: 17    XL:     5   Next: 58%
Magic:  4/4        EV: 11    Int:  7    God:
Gold:   219        SH:  7    Dex: 12    Spells: 0 memorised, 4 levels left

rFire  . . .     SeeInvis .     a - +0 hand axe
rCold  . . .     Gourm    .     f - +0 robe (curse)
rNeg   + . .     Faith    .     u - +0 shield
rPois  .         Spirit   .     (helmet restricted)
rElec  .         Reflect  .     (no cloak)
rCorr  .         Harm     .     (no gloves)
MR     .....                    (no boots)
Stlth  ++........               (no amulet)
                                (no ring)
                                o - ring of positive energy

@: no status effects
A: retaliatory headbutt, horns 2
a: no special abilities


You were on level 4 of the Dungeon.
You were not hungry.

You visited 1 branch of the dungeon, and saw 4 of its levels.

You collected 219 gold pieces.

Inventory:

Hand Weapons
 a - a +0 hand axe (weapon)
Armour
 b - a +0 robe
 f - a cursed +0 robe (worn)
 r - a +0 chain mail
 u - a +0 shield (worn)
Jewellery
 o - a ring of positive energy (left hand)
Scrolls
 d - 4 scrolls of remove curse {unknown}
 g - a scroll of random uselessness {unknown}
 i - a scroll of fog {unknown}
 j - a scroll of amnesia {unknown}
 k - 3 scrolls of teleportation {unknown}
 m - 7 scrolls of identify {unknown}
 q - a scroll of enchant weapon {unknown}
 w - 2 scrolls of enchant armour {unknown}
 x - a scroll of blinking {unknown}
Potions
 e - a potion of curing {unknown}
 h - a potion of heal wounds {unknown}
 l - 2 potions of might {unknown}
 n - a potion of ambrosia {unknown}
 s - a potion of cancellation {unknown}
 t - 2 potions of lignification {unknown}
 v - a potion of cure mutation {unknown}
 z - a potion of invisibility {unknown}
Comestibles
 c - 3 bread rations
 p - a meat ration


   Skills:
 + Level 4.7 Fighting
 + Level 4.8 Axes
 + Level 2.7 Armour
 + Level 4.9 Dodging
 - Level 1.5 Stealth


You had 4 spell levels left.
You didn't know any spells.

Dungeon Overview and Level Annotations

Branches:
Dungeon (4/15)
 Temple: D:4-7

Altars:
Ashenzari
Gozag
Makhleb
Vehumet
Zin

Shops:
D:2 *

Annotations:
D:4 Blork the orc, Dowan, Duvessa


Innate Abilities, Weirdness & Mutations

You reflexively headbutt those who attack you in melee.
You have a pair of horns on your head.


Message History

Blork the orc hits you but does no damage.
You barely miss Blork the orc. You headbutt Blork the orc!
Blork the orc is heavily wounded.
Blork the orc hits you with an enchanted halberd!
Blork the orc points at you and mumbles some strange words.
The magic dart hits you!
* * * LOW HITPOINT WARNING * * *
You are too injured to fight recklessly!
You are too injured to fight recklessly!
You are too injured to fight recklessly!
Unknown command.
You hit Blork the orc but do no damage. Your headbutt misses Blork the orc.
Blork the orc is heavily wounded.
Blork the orc hits you with an enchanted halberd!
* * * LOW HITPOINT WARNING * * *
You barely miss Blork the orc.
Blork the orc is heavily wounded.
Blork the orc misses you. You furiously retaliate!
You headbutt Blork the orc.
Blork the orc hits you with an enchanted halberd!
You die...

#####################
#...........#........ #
#..(........#........ #
#...........'........
#......@....#.....##+###
#...##..o...########...#
#...##......###...##....
#....#.............#....
#....#.............#....
#...##.............#....
#...##....##.##...##....
#...##....#### ...##.<..
#....#<...# ...#.....


You could see Blork the orc.

Vanquished Creatures
  A hound (D:2)
  An orc wizard (D:4)
  A worker ant (D:3)
  2 hound skeletons (D:4)
  3 adders
  A shadow imp (D:3)
  An ooze (D:1)
  An adder skeleton (D:4)
  6 dart slugs
  8 orcs
  A ball python (D:4)
  A giant cockroach (D:3)
  A goblin (D:3)
  3 hobgoblins
  A jackal (D:1)
  3 kobolds
  5 bats
  3 frilled lizards
  A jackal skeleton (D:4)
  6 rats
50 creatures vanquished.

Notes
Turn   | Place    | Note
-------+----------+-------------------------------------------
     0 | D:1      | dobroeutro the Minotaur Monk began the quest for the Orb.
     0 | D:1      | Reached XP level 1. HP: 19/19 MP: 0/0
   357 | D:1      | Reached XP level 2. HP: 26/27 MP: 1/1
   376 | D:1      | Reached skill level 1 in Armour
   639 | D:2      | Found Zin's Purification Station.
   645 | D:2      | Found a glowing silver altar of Zin.
   652 | D:2      | Reached XP level 3. HP: 26/33 MP: 2/2
   978 | D:2      | Found a burning altar of Makhleb.
  1044 | D:2      | Reached XP level 4. HP: 33/40 MP: 3/3
  1063 | D:2      | Found an opulent altar of Gozag.
  1111 | D:2      | Found a shattered altar of Ashenzari.
  1588 | D:4      | Noticed Blork the orc
  1674 | D:4      | Reached XP level 5. HP: 47/47 MP: 4/4
  1693 | D:4      | Noticed Duvessa
  1693 | D:4      | Noticed Dowan
  1850 | D:4      | Found a radiant altar of Vehumet.
  2137 | D:4      | Mangled by Blork the orc

Vault maps used:
D:1:      evilmike_arrival_rings, due_unseen_surprise
D:2:      lemuel_round_altar, zin_purify, lemuel_coloured_pillars_altar,
          makhleb_blood_cavern_becter, item_on_display_b
D:4:      overflow_temple_1_default, nicolae_qazlal_style_of_elements,
          first_bread, uniq_duvessa, uniq_blork_the_orc

Skill      XL: |  1  2  3  4 |
---------------+-------------+-----
Armour         | 1 2 |  2.7
Fighting       | 4 |  4.7
Axes           | 4 |  4.8
Dodging        | 4 |  4.9
Stealth        | |  1.5

Action                   |  1- 3 |  4- 6 || total
-------------------------+-------+-------++-------
Melee: Hand axe          |    44 |    85 ||   129
       Headbutt          |     8 |    11 ||    19
 Stab: Sleeping          |     2 |       ||     2
  Eat: Chunk             |       |     4 ||     4
Armor: Robe              |     9 |    10 ||    19
Dodge: Dodged            |    24 |    57 ||    81
Block: Shield            |       |    21 ||    21
